 Dungeon Crawl Stone Soup version 0.29.1-1-gd02db6906a (webtiles) character file.

Game seed: 2493235806295785265

7624 cdecastro the Envoy of Void (level 10, -4/93 HPs)
             Began as a Minotaur Abyssal Knight on Sept 23, 2022.
             Was a High Priest of Lugonu.
             Slain by an orc warrior
             ... wielding a +0 halberd
              (8 damage)
             ... on level 10 of the Dungeon on Sept 26, 2022.
             The game lasted 00:21:23 (11027 turns).

cdecastro the Envoy of Void (MiAK)                 Turns: 11027, Time: 00:21:23

Health: -4/93      AC: 13    Str: 22    XL:     10   Next: 98%
Magic:  16/16      EV: 13    Int:  7    God:    Lugonu [*****.]
Gold:   444        SH:  0    Dex: 17    Spells: 9/9 levels left

rFire   . . .      SeeInvis .   o - +4 mace "Evops" {flame, Fly rPois Will+}
rCold   + . .      Faith    .   (no shield)
rNeg    . . .      Spirit   .   y - +4 ring mail
rPois   +          Reflect  .   (helmet restricted)
rElec   .          Harm     .   D - +2 cloak {rCorr}
rCorr   +          Rampage  .   (no gloves)
Will    +....                   (no boots)
Stlth   +.........              (no amulet)
HPRegen 0.25/turn               v - ring of protection from cold
MPRegen 0.15/turn               O - +6 ring of dexterity

@: flying
A: horns 2, retaliatory headbutt
a: Renounce Religion, Depart the Abyss, Bend Space, Banish, Corrupt, Enter the
Abyss


You were on level 10 of the Dungeon.
You worshipped Lugonu.
Lugonu was extremely pleased with you.
You visited 2 branches of the dungeon, and saw 11 of its levels.
You visited the Abyss 1 time.

You collected 444 gold pieces.

Inventory:

Hand Weapons
 a - a +1 hand axe
 o - the +4 mace "Evops" (weapon) {flame, Fly rPois Will+}
   (You found it on level 2 of the Dungeon)

   It burns those it strikes, dealing additional fire damage.
   rPois:     It protects you from poison.
   Fly:       It grants you flight.
   Will:      It increases your willpower.
 x - a +4 flail of pain
Missiles
 l - 92 stones
 q - 30 poisoned darts (quivered)
 u - 3 boomerangs
 F - 4 throwing nets
 K - 4 boomerangs of dispersal
Armour
 b - a +0 leather armour
 e - a +0 chain mail
 y - a +4 ring mail (worn)
 D - a +2 cloak of preservation (worn)
 G - the +0 scale mail "Forget-Me-Not" {Rampage rPois rC+}
   (You found it on level 5 of the Dungeon)

   rC:        It protects you from cold.
   rPois:     It protects you from poison.
   Rampage:   It bestows one free step when moving towards enemies.
 T - a +0 ring mail of willpower
Magical Staves
 E - a staff of conjuration
 Q - a staff of fire
Jewellery
 m - a ring of protection from cold
 v - a ring of protection from cold (left hand)
 C - a ring of wizardry
 N - a ring of flight
 O - a +6 ring of dexterity (right hand)
 S - a +4 ring of evasion
Wands
 B - a wand of paralysis (10)
 P - a wand of digging (6)
 W - a wand of acid (3)
Scrolls
 d - 3 scrolls of torment {unknown}
 f - 9 scrolls of teleportation
 h - 5 scrolls of immolation
 k - 4 scrolls of magic mapping {unknown}
 p - 2 scrolls of enchant armour {unknown}
 t - a scroll of fear {unknown}
 A - 2 scrolls of noise {unknown}
 H - a scroll of vulnerability {unknown}
 J - 2 scrolls of enchant weapon {unknown}
 L - 2 scrolls of fog {unknown}
 M - 2 scrolls of amnesia {unknown}
 R - 2 scrolls of blinking {unknown}
Potions
 c - 4 potions of haste
 g - a potion of mutation
 i - 2 potions of lignification {unknown}
 j - a potion of invisibility {unknown}
 n - 4 potions of attraction
 r - 5 potions of heal wounds
 s - a potion of cancellation {unknown}
 w - 3 potions of resistance
 z - a potion of magic {unknown}
 I - a potion of degeneration {unknown}
 U - a potion of brilliance {unknown}
 V - a potion of curing {unknown}


   Skills:
 - Level 10.0 Fighting
 - Level 4.2(7.4) Axes
 + Level 9.5(10.0) Maces & Flails
 - Level 5.0 Throwing
 - Level 5.0 Armour
 - Level 5.0 Dodging
 - Level 10.0 Invocations


You had 9 spell levels left.
You didn't know any spells.
Your spell library contained the following spells:

 Spells                   Type           Power      Damage    Failure   Level
 Magic Dart               Conj           0%         1d3       58%         1
 Blink                    Tloc           0%         N/A       73%         2
 Searing Ray              Conj           0%         2d4       73%         2
 Fulminant Prism          Conj/Hex       0%         3d6       100%        4
 Manifold Assault         Tloc           0%         N/A       100%        5
 Storm Form               Tmut/Air       0%         N/A       100%        7


Dungeon Overview and Level Annotations

Branches:
Dungeon (10/15)            Temple (1/1) D:6             Orc (0/2) D:9
   Lair: D:8-11

Altars:
Ashenzari
Cheibriados
Dithmenos
Elyvilon
Fedhas
Gozag
Hepliaklqana
Kikubaaqudgha
Makhleb
Nemelex Xobeh
Okawaru
Qazlal
Ru
Sif Muna
Trog
Uskayaw
Vehumet
Wu Jian
Xom
Yredelemnul
Zin
The Shining One

Shops:
D:6 *

Annotations:
D:5 2 transporters, Triskal's ghost, amateur TrTm
Abyss:1 Joseph


Innate Abilities, Weirdness & Mutations

You have a pair of horns on your head.
You reflexively headbutt those who attack you in melee.


Message History

You hit the orc warrior. You burn the orc warrior.
The orc warrior is severely wounded.
The orc warrior hits you with a +0 halberd!
You hit the orc warrior but do no damage.
The orc warrior is severely wounded.
The orc warrior hits you with a +0 halberd!
* * * LOW HITPOINT WARNING * * *
You closely miss the orc warrior.
The orc warrior is severely wounded.
The orc warrior barely misses you.
You closely miss the orc warrior.
The orc warrior is severely wounded.
The orc warrior hits you but does no damage.
You completely miss the orc warrior.
You headbutt the orc warrior, but do no damage.
Your punch misses the orc warrior.
The orc warrior is severely wounded.
The orc warrior hits you with a +0 halberd!
* * * LOW HITPOINT WARNING * * *
You closely miss the orc warrior.
The orc warrior is severely wounded.
The orc warrior hits you with a +0 halberd!!
* * * LOW HITPOINT WARNING * * *
You barely miss the orc warrior.
The orc warrior is severely wounded.
The orc warrior barely misses you.
You hit the orc warrior but do no damage.
The orc warrior is severely wounded.
The orc warrior hits you with a +0 halberd!
* * * LOW HITPOINT WARNING * * *
You closely miss the orc warrior.
The orc warrior is severely wounded.
You hit the orc warrior but do no damage.
You headbutt the orc warrior!
The orc warrior is almost dead.
The orc warrior hits you but does no damage.
You closely miss the orc warrior.
The orc warrior is almost dead.
The orc warrior hits you with a +0 halberd!
You die...

#... #... #....
#....##+##########
#........(.......#
................#
#............#
#..@)........#
......o##).......#
.#...#. #........#
..#. .. ##+##....#
... ... #....# ..
.#.. #..#....# .
$..#. #..#....# ..
... #..#....###
#..###....#


You could see an orc warrior.

Vanquished Creatures
  A wraith (D:9)
  2 wyverns
  7 yaks (D:9)
  2 vampire mosquitoes (D:9)
  A steam dragon (D:9)
  Grum (D:9)
  Menkaure (D:5)
  Duvessa (D:7)
  3 water moccasins
  2 black bears (D:7)
  5 orc warriors
  A sky beast (D:8)
  An ogre (Temple)
  2 centaurs
  3 wolves (D:9)
  The ghost of bchevrier the Skirmisher, an amateur GnWn (D:2)
  A kobold brigand (D:8)
  12 bullfrogs
  2 necrophages (D:5)
  A gnoll sergeant (D:6)
  2 scorpions (D:5)
  5 wights (D:8)
  Dowan (D:7)
  7 killer bees (D:9)
  3 howler monkeys
  3 hounds
  4 jellies
  11 orc priests
  2 gnoll boudas
  4 iguanas
  Natasha (thrice) (D:3)
  16 orc wizards
  Robin (D:3)
  25 gnolls
  8 adders
  A shadow imp (D:8)
  A white imp (D:6)
  4 worms
  A dart slug (D:3)
  40 orcs
  5 bats
  13 endoplasms
  2 giant cockroaches
  14 goblins
  9 hobgoblins
  16 kobolds
  5 quokkas
  2 ball pythons (D:2)
  4 frilled lizards
  4 rats
266 creatures vanquished.

Vanquished Creatures (others)
  7 fungi (D:3)
  6 toadstools (D:3)
13 creatures vanquished.

Grand Total: 279 creatures vanquished

Notes
Turn   | Place    | Note
-------+----------+-------------------------------------------
     0 | Abyss:1  | cdecastro the Minotaur Abyssal Knight began the quest for
                  | the Orb.
     0 | Abyss:1  | Reached XP level 1. HP: 19/19 MP: 1/1
     0 | Abyss:1  | Found a corrupted altar of Lugonu.
     7 | D:1      | Escaped the Abyss
   563 | D:1      | Reached XP level 2. HP: 26/26 MP: 2/2
  1394 | D:2      | Identified the +4 mace "Evops" {flame, Fly rPois Will+}
  1429 | D:2      | Reached skill level 1 in Maces & Flails
  1429 | D:2      | Reached XP level 3. HP: 30/31 MP: 3/3
  1453 | D:2      | Reached *** piety under Lugonu
  1688 | D:2      | Found a faded altar of an unknown god.
  2136 | D:3      | Noticed Natasha
  2145 | D:3      | Killed Natasha
  2146 | D:3      | Reached XP level 4. HP: 36/39 MP: 4/4
  2644 | D:3      | Noticed bchevrier's ghost (amateur GnWn)
  2649 | D:3      | Found a runed translucent gate.
  2649 | D:3      | Found a runed translucent gate.
  2649 | D:3      | Found a runed translucent gate.
  2778 | D:3      | Reached XP level 5. HP: 40/45 MP: 5/5
  3068 | D:3      | Reached skill level 5 in Maces & Flails
  3149 | D:3      | Noticed Natasha
  3156 | D:3      | Killed Natasha
  3257 | D:3      | Noticed Natasha
  3267 | D:3      | Killed Natasha
  3337 | D:3      | Noticed Robin
  3365 | D:3      | Killed Robin
  3366 | D:3      | Reached XP level 6. HP: 41/51 MP: 6/6
  3420 | D:3      | Identified the +10 dagger "Kieh" {speed, Str+2}
  3611 | D:3      | Reached **** piety under Lugonu
  3755 | D:2      | Killed bchevrier's ghost
  4128 | D:4      | Reached XP level 7. HP: 56/57 MP: 7/7
  4519 | D:5      | Entered Level 5 of the Dungeon
  4522 | D:5      | Identified the +0 scale mail "Forget-Me-Not" {Rampage rPois
                  | rC+}
  4703 | D:5      | Reached skill level 1 in Throwing
  4857 | D:5      | Noticed a yak
  4858 | D:5      | Noticed Menkaure
  4870 | D:5      | Killed Menkaure
  4871 | D:5      | Reached skill level 5 in Fighting
  4888 | D:5      | Reached XP level 8. HP: 35/69 MP: 8/8
  5052 | D:5      | Noticed Triskal's ghost (amateur TrTm)
  5097 | D:5      | Found an opulent altar of Gozag.
  5097 | D:5      | Found a sparkling altar of Nemelex Xobeh.
  5145 | D:5      | Found a transporter.
  5256 | D:5      | Found a transporter.
  5570 | D:6      | Found Xeezom's Elemental Accessories.
  5781 | D:6      | Found a staircase to the Ecumenical Temple.
  5815 | Temple   | Entered the Ecumenical Temple
  5916 | Temple   | Reached skill level 5 in Invocations
  6218 | D:6      | Found a white marble altar of Elyvilon.
  6218 | D:6      | Found a shimmering altar of Xom.
  6218 | D:6      | Found a stormy altar of Qazlal.
  6537 | D:7      | Reached XP level 9. HP: 63/79 MP: 12/12
  6767 | D:7      | Reached ***** piety under Lugonu
  7647 | D:7      | Noticed Duvessa
  7649 | D:7      | Noticed Dowan
  7658 | D:7      | Killed Duvessa
  7660 | D:7      | Killed Dowan
  7853 | D:7      | Noticed Joseph
  7855 | D:7      | Banished Joseph
  8037 | D:8      | Reached skill level 10 in Invocations
  8266 | D:8      | Reached XP level 10. HP: 68/88 MP: 16/16
  9093 | D:9      | Noticed Grum
  9106 | D:9      | Killed Grum
  9371 | D:9      | Reached skill level 10 in Fighting
  9660 | D:9      | Found a bloodstained altar of Trog.
  9692 | D:9      | Reached skill level 5 in Armour
 10170 | D:9      | Found a glowing golden altar of the Shining One.
 10332 | D:9      | Reached skill level 5 in Dodging
 10561 | D:9      | Found a staircase to the Orcish Mines.
 10871 | D:10     | Entered Level 10 of the Dungeon
 11008 | D:10     | Reached skill level 5 in Throwing
 11024 | D:10     | HP: 3/93 [orc warrior/+0 halberd (15)]
 11027 | D:10     | Slain by an orc warrior

Illustrated notes

Levels and vault maps discovered:
D:1:      dpeg_arrival_central, layout_loops_corners
D:2:      layout_loops_corners, ebering_ecumenical_altar_sacrificial
D:3:      cheibrodos_fertilizer, layout_basic, gammafunk_ghost_split,
          minmay_misc_feat_chi, minmay_misc_feat_doors,
          kennysheep_generic_room_15, uniq_natasha, uniq_robin
D:4:      layout_basic
D:5:      layout_loops_ring, grunt_temple_overflow_opulence,
          gammafunk_ghost_arena, uniq_menkaure
D:6:      layout_cave_pools, gammafunk_temple_overflow_claw, temple_fountains,
          lightli_ossuary_entry_decrepit_ruins, nicolae_elemental_shop,
          minmay_fractal_squares_5
D:7:      layout_loops_cross, uniq_duvessa, uniq_joseph
D:8:      layout_loops_ring, minmay_misc_feat_room
D:9:      layout_loops_ring, minmay_orc_entry_temple_small,
          hangedman_feature_mirror, kennysheep_cross_room,
          kennysheep_generic_room_10, uniq_grum
D:10:     layout_gridville, serial_shops, nicolae_shop_advertising_works
          [nicolae_subvault_shop_adworks], minmay_starry_boxes
Temple:   sentei_temple_godly_chess

Skill      XL: |  1  2  3  4  5  6  7  8  9 10 |
---------------+-------------------------------+-----
Axes           | 3 4 |  4.2
Maces & Flails | 1 3 4 6 8 9 |  9.5
Throwing       | 1 5 |  5.0
Fighting       | 5 7 8 10 | 10.0
Invocations    | 6 10 | 10.0
Armour         | 5 |  5.0
Dodging        | 5 |  5.0

Action                   |  1- 3 |  4- 6 |  7- 9 | 10-12 || total
-------------------------+-------+-------+-------+-------++-------
Melee: Hand axe          |    48 |       |       |       ||    48
       Headbutt          |     7 |    18 |    49 |    60 ||   134
       Mace              |    21 |   128 |   276 |   243 ||   668
       Punch             |     1 |     1 |     4 |     2 ||     8
Throw: Dart              |       |       |     2 |     9 ||    11
Invok: Banish            |       |       |     2 |       ||     2
  Use: Scroll            |       |       |       |     6 ||     6
Armor: Chain mail        |    34 |    57 |       |       ||    91
       Leather armour    |     3 |       |       |       ||     3
       Ring mail         |       |     5 |   152 |   103 ||   260
Dodge: Dodged            |    30 |    52 |   151 |   109 ||   342
